 Dungeon Crawl Stone Soup version 0.27-a0-1431-gcffa5a9b16 (webtiles) character file.

Game seed: 7470557284614391694

151 snetch the Magician (level 5, -6/36 HPs)
             Began as a Djinni Fire Elementalist on July 2, 2021.
             Was a Follower of Jiyva.
             Mangled by an orc (7 damage)
             ... on level 3 of the Dungeon.
             The game lasted 00:07:06 (2976 turns).

snetch the Magician (Djinni Fire Elementalist)      Turns: 2976, Time: 00:07:07

Health: -6/36      AC:  3    Str:  7    XL:     5   Next: 60%
Gold:   117        EV: 11    Int: 18    God:    Jiyva [*.....] SH:  0 Dex: 13

rFire    + + .     SeeInvis .   d - +3 trident
rCold    x . .     Faith    .   (no shield)
rNeg     . . .     Spirit   .   c - +0 leather armour
rPois    ∞         Reflect  .   (no helmet)
rElec    .         Harm     .   (no cloak)
rCorr    .         Rampage  .   (no gloves)
Will     .....                  (boots unavailable)
Stlth    ++........             (no amulet)
HPRegen  0.12/turn              (no ring)
MPRegen  0.00/turn              (no ring)

@: flying
A: sickness immunity, fire resistance 2, cold vulnerability 1, float, innate
caster, hp casting, extra vitality 1
a: Renounce Religion, Request Jelly


You were on level 3 of the Dungeon.
You worshipped Jiyva.
Jiyva was aware of your devotion.
You visited 1 branch of the dungeon, and saw 3 of its levels.

You collected 117 gold pieces.

Inventory:

Hand Weapons
 d - a +3 trident (weapon)
Missiles
 a - 20 sling bullets
 h - 10 stones
Armour
 c - a +0 leather armour (worn)
 i - a +0 ring mail
 l - a +0 kite shield
Jewellery
 m - an amulet of magic regeneration
Scrolls
 b - a scroll of blinking {unknown}
 f - a scroll of noise {unknown}
 g - a scroll of identify {unknown}
Potions
 e - a potion of heal wounds {unknown}
 j - a potion of cancellation {unknown}
 k - a potion of haste {unknown}
 n - a potion of degeneration {unknown}


   Skills:
 + Level 0.7 Fighting
 + Level 1.6 Armour
 + Level 2.5 Dodging
 + Level 2.2 Stealth
 + Level 3.8 Spellcasting


You couldn't memorise any spells.
You knew the following spells:

 Your Spells              Type           Power      Damage    Failure   Level
a - Foxfire               Conj/Fire      68%        2x1d7     4%          1
b - Conjure Flame         Conj/Fire      17%        6-21      14%         3
c - Inner Flame           Hex/Fire       17%        N/A       14%         3
d - Sticky Flame          Conj/Fire      17%        2d4       41%         4
e - Fireball              Conj/Fire      8%         3d6       77%         5
f - Apportation           Tloc           34%        N/A       4%          1
g - Wereblood             Tmut           17%        N/A       7%          2
Your spell library was empty.

Dungeon Overview and Level Annotations

Branches:
Dungeon (3/15)

Altars:
Jiyva


Innate Abilities, Weirdness & Mutations

You are immune to sickness and miasma.
You are immune to poison.
Your flesh is very heat resistant. (rF++)
You are vulnerable to cold. (rC-)
You float through the air rather than walking.
You learn spells naturally, not from books.
Your magical power is your life essence.
You have superior vitality. (+4 HP)


Message History

The orc is lightly wounded.
You hit the orc but do no damage.
The orc is lightly wounded.
The adder bites you. The orc hits you with a +0 flail!
You are too injured to fight recklessly!
You are too injured to fight recklessly!
Unknown command.
The adder misses you.
You miss the adder. The orc closely misses you. The adder bites you.
Unknown command.
The adder closely misses you.
Casting: Foxfire (safe; 4% risk of failure)
Press: ? - help, Q - select action, (/) - cycle Dir - look around, f - activate You conjure some foxfire!
The foxfire hits the orc.
The orc is heavily wounded.
The adder misses you.
You barely miss the adder.
The foxfire hits the adder.
The adder is heavily wounded.
The orc hits you but does no damage. The adder barely misses you.
The orc hits you with a +0 flail!
* * * LOW HITPOINT WARNING * * *
The orc closely misses you. The adder closely misses you.
Unknown command.
Found a stone staircase leading down.
The adder misses you.
Found a stone staircase leading down.
The adder bites you but does no damage. The adder bites you.
* * * LOW HITPOINT WARNING * * *
The adder closely misses you.
Okay, then.
You puncture the adder!
You kill the adder!
Unknown command.
You hit the orc but do no damage. The orc hits you with a +0 flail.
* * * LOW HITPOINT WARNING * * *
Unknown command.
You barely miss the orc. The orc hits you with a +0 flail!
You die...

#... ...## #... .#.#.# ...
...## ####.#####...##
......##>....#
#.#.........#####
#.....o.........#
#.#.##.###........#
.....>..oo@........###..
###...........####>..........
. ..........### #.......### #
#..####.#. #.......# ###..
...#.## #.......## ..#.#
####...# ###......## #.#.##
#...# #.........# .....#
#...# #......#..# .....#
#...# #......#..#####


You could see 2 orcs.

Vanquished Creatures
  Natasha (thrice) (D:3)
  3 adders
  2 dart slugs
  5 orcs (D:3)
  2 ball pythons (D:2)
  4 bats
  4 endoplasms
  A giant cockroach (D:2)
  5 goblins
  2 hobgoblins (D:1)
  4 kobolds
  2 quokkas
  A frilled lizard (D:3)
  2 rats
40 creatures vanquished.

Vanquished Creatures (others)
  A jelly (D:2)
  A dart slug (D:3)
  2 orcs (D:3)
  2 ball pythons (D:3)
  An endoplasm (D:3)
  3 jackals (D:2)
  A quokka (D:3)
  105 foxfires
116 creatures vanquished.

Grand Total: 156 creatures vanquished

Notes
Turn   | Place    | Note
-------+----------+-------------------------------------------
     0 | D:1      | snetch the Djinni Fire Elementalist began the quest for the
                  | Orb.
     0 | D:1      | Reached XP level 1. HP: 15/15 MP: 0/0
   372 | D:1      | Reached XP level 2. HP: 12/21 MP: 0/0
  1175 | D:2      | Reached skill level 3 in Spellcasting
  1175 | D:2      | Reached XP level 3. HP: 23/25 MP: 0/0
  1175 | D:2      | Learned a level 1 spell: Apportation
  1403 | D:3      | Noticed Natasha
  1408 | D:3      | Killed Natasha
  1409 | D:3      | Reached XP level 4. HP: 25/31 MP: 0/0
  1433 | D:3      | Noticed Natasha
  1438 | D:3      | Killed Natasha
  1439 | D:3      | Reached skill level 1 in Armour
  1439 | D:3      | Reached XP level 5. HP: 16/35 MP: 0/0
  1439 | D:3      | Learned a level 2 spell: Wereblood
  2058 | D:2      | Found a faded altar of an unknown god.
  2069 | D:2      | Became a worshipper of Jiyva Jacirr the Shapeless
  2069 | D:2      | Reached * piety under Jiyva
  2528 | D:3      | Noticed Natasha
  2530 | D:3      | Killed Natasha
  2974 | D:3      | HP: 1/36 [orc (4)]
  2976 | D:3      | Mangled by an orc

Illustrated notes

Levels and vault maps discovered:
D:1:      sevenhm_arrival_forest_fort_small_4, layout_basic
D:2:      layout_basic, ebering_ecumenical_altar_hall, grunt_ministairs_1,
          hex_tiny, lemuel_old_faithful
D:3:      layout_loops_cross, uniq_natasha

Skill      XL: |  1  2  3  4 |
---------------+-------------+-----
Spellcasting   | 3 |  3.8
Stealth        | 2 |  2.2
Armour         | 1 |  1.6
Fighting       | |  0.7
Dodging        | |  2.5

Action                   |  1- 3 |  4- 6 || total
-------------------------+-------+-------++-------
Melee: Trident           |     4 |    51 ||    55
 Cast: Foxfire           |    35 |    29 ||    64
 Stab: Sleeping          |       |     1 ||     1
Armor: Leather armour    |     2 |    19 ||    21
Dodge: Dodged            |     1 |    48 ||    49

Table legend: (Time is in decaauts)
 A = Elapsed time spent in this place.
 B = Non-inter-level travel time spent in this place.
 C = Inter-level travel time spent in this place.
 D = Time resting spent in this place.
 E = Time spent auto-exploring this place.
 F = Levels seen in this place.
 G = Mean time per level.
                   A        B        C        D        E       F      G
               +--------+--------+--------+--------+--------+-----+--------+
         Total |   2998 |   2853 |    145 |      0 |   2425 |   3 |  999.3 |
       Dungeon |   2998 |   2853 |    145 |      0 |   2425 |   3 |  999.3 |
               +--------+--------+--------+--------+--------+-----+--------+

Top non-repeatable levels by time:
     D:2: 1396 daAuts
     D:1: 1121 daAuts
     D:3: 480 daAuts
